 Dungeon Crawl Stone Soup version 0.21-a0-349-g0c35859 (webtiles) character file.

49 tidbits the Charmwright (level 3, 27/31 HPs)
             Began as a Gnoll Skald on Oct 8, 2017.
             Was a Believer of Lugonu.
             Quit the game on level 2 of the Dungeon.
             The game lasted 00:01:57 (278 turns).

tidbits the Charmwright (Gnoll Skald)                Turns: 278, Time: 00:01:58

Health: 27/31      AC:  4    Str: 13    XL:     3   Next: 77%
Magic:  6/9        EV: 14    Int: 16    God:    Lugonu [**....]
Gold:   19         SH:  0    Dex: 14    Spells: 1/12 levels left

rFire    . . .     SeeInvis .   a - +0 hand axe
rCold    . . .     Gourm    .   (no shield)
rNeg     . . .     Faith    .   b - +0 leather armour
rPois    .         Spirit   .   k - +0 helmet
rElec    .         Reflect  .   (no cloak)
rCorr    .         Harm     .   (no gloves)
MR       .....                  (no boots)
Stlth    +.........             (no amulet)
HPRegen  0.10/turn              (no ring)
MPRegen  0.11/turn              (no ring)

@: no status effects
A: distributed training, fangs 1, strong nose
a: Depart the Abyss, Bend Space, Renounce Religion


You were on level 2 of the Dungeon.
You worshipped Lugonu.
Lugonu was pleased with you.
You were not hungry.

You visited 1 branch of the dungeon, and saw 2 of its levels.

You collected 19 gold pieces.

Inventory:

Hand Weapons
 a - a +0 hand axe (weapon)
 f - a +2 vampiric dagger
   (You found it on level 1 of the Dungeon)
Armour
 b - a +0 leather armour (worn)
 k - a +0 helmet (worn)
Scrolls
 e - a scroll of random uselessness {unknown}
 g - a scroll of teleportation {unknown}
 h - a scroll of recharging {unknown}
 j - a scroll of magic mapping {unknown}
Potions
 i - a potion of degeneration {unknown}
Books
 c - a book of Battle

   Spells                             Type                      Level
   a - Infusion                       Charms                       1
   b - Shroud of Golubria             Charms/Translocation         2
   c - Song of Slaying                Charms                       2
   d - Spectral Weapon                Hexes/Charms                 3
   e - Regeneration                   Charms/Necromancy            3
Comestibles
 d - a bread ration


   Skills:
 + Level 4.5 Fighting
 + Level 0.9 Short Blades
 + Level 0.9 Long Blades
 + Level 4.5 Axes
 + Level 0.9 Maces & Flails
 + Level 0.9 Polearms
 + Level 0.9 Staves
 + Level 0.9 Slings
 + Level 0.9 Bows
 + Level 0.9 Crossbows
 + Level 0.9 Throwing
 + Level 2.6 Armour
 + Level 4.5 Dodging
 + Level 0.9 Stealth
 + Level 0.9 Shields
 + Level 0.9 Unarmed Combat
 + Level 5.0 Spellcasting
 + Level 0.9 Conjurations
 + Level 0.9 Hexes
 + Level 6.5 Charms
 + Level 0.9 Summonings
 + Level 0.9 Necromancy
 + Level 0.9 Translocations
 + Level 0.9 Transmutations
 + Level 0.9 Fire Magic
 + Level 0.9 Ice Magic
 + Level 0.9 Air Magic
 + Level 0.9 Earth Magic
 + Level 0.9 Poison Magic
 + Level 0.9 Invocations
 + Level 0.9 Evocations


You had one spell level left.
You knew the following spells:

 Your Spells              Type           Power        Failure   Level  Hunger
g - Shroud of Golubria    Chrm/Tloc      ###.......   6%          2    #......
i - Infusion              Chrm           ####         1%          1    None
r - Regeneration          Chrm/Necr      ###.......   12%         3    ###....
w - Spectral Weapon       Hex/Chrm       ###.....     12%         3    ###....
y - Song of Slaying       Chrm           ####....     1%          2    #......


Dungeon Overview and Level Annotations

Branches:
Dungeon (2/15)

Altars:
Lugonu


Innate Abilities, Weirdness & Mutations

Your experience applies equally to all skills.
You have very sharp teeth.
Your uncanny sense of smell can sniff out nearby items.


Message History

There is a stone staircase leading up here.
Your magical infusion is running out.
A dart slug comes into view.
A bat comes into view.
You slash the dart slug!
You kill the dart slug!
The bat barely misses you. The bat hits you. The bat barely misses you.
You hit the bat.
You kill the bat!
You are no longer magically infusing your attacks.
Found 13 gold pieces.
You now have 19 gold pieces (gained 13).
A kobold and an orc come into view.
The orc moves out of view.
The orc shouts!
The kobold shouts!
You hear a shout! x3
Casting: Infusion
Confirm with . or Enter, or press ? or * to list all spells.
You begin infusing your attacks with magical energy.
The kobold barely misses you.
A hobgoblin and an orc come into view.
You hit the kobold!
You kill the kobold!
You completely miss the orc. The orc hits you but does no damage.
You hit the orc!
You kill the orc!
Items here: )) †† a mace; a whip; an orc corpse; a kobold corpse You hit the hobgoblin!
You kill the hobgoblin!
You hit the orc!
You kill the orc!
Items here: ) [ †† a hand axe; a leather armour; an orc corpse; a hobgoblin corpse An orc wizard comes into view.
It is wielding a dagger.
Found a helmet.
A hobgoblin comes into view.
The orc wizard shouts!
Found a scroll labeled VAFOATWA KE PYKH.
Found a faded altar of an unknown god.
Casting: Infusion
Confirm with . or Enter, or press ? or * to list all spells.
You extend your infusion's duration.
You hit the orc wizard.
The orc wizard is moderately wounded.
The orc wizard hits you but does no damage.
You hit the orc wizard.
You bite the orc wizard, but do no damage.
The orc wizard is heavily wounded.
The orc wizard completely misses you.
You hit the orc wizard.
The orc wizard is almost dead.
The orc wizard completely misses you.
You hit the hobgoblin.
You kill the hobgoblin!
You hit the orc wizard.
The orc wizard gestures wildly while chanting.
The orc wizard seems to speed up.
The orc wizard points at you and mumbles some strange words.
The magic dart hits you!
You see here a hobgoblin corpse.
You hit the orc wizard.
You kill the orc wizard!
Your Spellcasting skill increases to level 5!
You have reached level 3!
Your experience leads to an increase in your attributes!
Increase (S)trength, (I)ntelligence, or (D)exterity?
You feel clever.
Memorise Regeneration, consuming 3 spell levels and leaving 4?
You start memorising the spell.
You continue memorising. x3
You finish memorising.
Spell assigned to 'r'.
Memorise Spectral Weapon, consuming 3 spell levels and leaving 1?
You start memorising the spell.
You continue memorising. x3
You finish memorising.
Spell assigned to 'w'.
You enter the shallow water.
Moving in this stuff is going to be slow.
j - a scroll labeled VAFOATWA KE PYKH You enter the shallow water.
Moving in this stuff is going to be slow.
Found a flail.
Your magical infusion is running out.
You see here a helmet.
k - a helmet Wear which item? (? for menu, Esc to quit)
You start putting on your armour.
You continue putting on your helmet. x2
You are no longer magically infusing your attacks.
You continue putting on your helmet. x2
You finish putting on your +0 helmet.
Found a scroll labeled USOIMI WINWYU.
You enter the shallow water.
Moving in this stuff is going to be slow.
There is a faded altar of an unknown god here.
You cannot tell which god this altar belongs to.
Convert to them anyway?
Okay, then.
You aren't carrying any pieces of jewellery.
There is a faded altar of an unknown god here.
You cannot tell which god this altar belongs to.
Convert to them anyway?
Lugonu accepts your prayer! Lugonu welcomes you!
You can now depart the Abyss.
You can now bend space around yourself.
Are you sure you want to abandon this character and quit the game? (Confirm with "yes".)

#.####.###.####.
#.......#..)....
#...≈...≈≈..≈..#
#..≈≈....≈.≈.≈.#
#..≈≈≈≈≈≈≈≈≈≈..#
#)†≈≈≈≈≈≈≈≈≈≈.≈#
########.≈.≈≈≈≈≈≈≈≈≈≈.#
#..))....≈.≈≈≈.≈.≈≈≈.≈#
##.####.##≈≈≈≈≈.@≈≈≈≈≈.#
........##≈.≈≈≈.♣≈≈≈≈.≈#
##.#######..≈≈≈≈≈≈≈≈≈≈≈#
#.# #≈≈≈≈≈≈≈≈≈≈≈..# #.#
#.≈≈≈≈≈≈≈≈≈≈..# ##.#
#.≈..≈.≈≈≈.≈.≈# ...#
#≈....≈≈.≈≈..≈# ####
#######.####### # .#


There were no monsters in sight!

Vanquished Creatures
  An orc wizard (D:2)
  2 dart slugs
  2 orcs (D:2)
  2 goblins (D:1)
  4 hobgoblins
  A bat (D:2)
  A frilled lizard (D:1)
  2 kobolds
15 creatures vanquished.

Notes
Turn   | Place    | Note
-------+----------+-------------------------------------------
     0 | D:1      | tidbits the Gnoll Skald began the quest for the Orb.
     0 | D:1      | Reached XP level 1. HP: 20/20 MP: 6/6
    85 | D:1      | Reached XP level 2. HP: 20/26 MP: 4/7
    89 | D:1      | Learned a level 2 spell: Song of Slaying
    92 | D:1      | Learned a level 2 spell: Shroud of Golubria
   231 | D:2      | Found a faded altar of an unknown god.
   238 | D:2      | Reached skill level 5 in Spellcasting
   238 | D:2      | Reached XP level 3. HP: 23/31 MP: 0/9
   243 | D:2      | Learned a level 3 spell: Regeneration
   247 | D:2      | Learned a level 3 spell: Spectral Weapon
   277 | D:2      | Became a worshipper of Lugonu the Unformed
   277 | D:2      | Reached * piety under Lugonu
   277 | D:2      | Reached ** piety under Lugonu
   278 | D:2      | Quit the game

Vault maps used:
D:1:      dpeg_arrival_rooms_c
D:2:      lemuel_crystal_altar, chequers_ecumenical_altar_island

Skill      XL: |  1  2 |
---------------+-------+-----
Spellcasting   | 5 |  5.0
Fighting       | |  4.5
Short Blades   | |  0.9
Long Blades    | |  0.9
Axes           | |  4.5
Maces & Flails | |  0.9
Polearms       | |  0.9
Staves         | |  0.9
Slings         | |  0.9
Bows           | |  0.9
Crossbows      | |  0.9
Throwing       | |  0.9
Armour         | |  2.6
Dodging        | |  4.5
Stealth        | |  0.9
Shields        | |  0.9
Unarmed Combat | |  0.9
Conjurations   | |  0.9
Hexes          | |  0.9
Charms         | |  6.5
Summonings     | |  0.9
Necromancy     | |  0.9
Translocations | |  0.9
Transmutations | |  0.9
Fire Magic     | |  0.9
Ice Magic      | |  0.9
Air Magic      | |  0.9
Earth Magic    | |  0.9
Poison Magic   | |  0.9
Invocations    | |  0.9
Evocations     | |  0.9

Action                   || total
-------------------------++-------
Melee: Hand axe          ||    27
       Bite              ||     4
 Cast: Infusion          ||     6
Armor: Leather armour    ||     1
Dodge: Dodged            ||    12

Table legend:
 A = Spawn XP
 B = Non-spawn XP
 C = Spawn XP percentage of total XP
 D = Spawn monster count
 E = Non-spawn monster count
 F = Spawn count percentage of total count
 G = Total turns spent on level
                    A         B        C        D         E        F      G
               +---------+---------+-------+---------+---------+-------+---------
         Total |       0 |      71 |   0.0 |       0 |      15 |   0.0 |   278
               +---------+---------+-------+---------+---------+-------+---------
           D:1 |       0 |      14 |   0.0 |       0 |       7 |   0.0 |   194
           D:2 |       0 |      57 |   0.0 |       0 |       8 |   0.0 |    84
               +---------+---------+-------+---------+---------+-------+---------

Table legend:
 A = Turns spent in this place as a percentage of turns spent in the entire game.
 B = Non-inter-level travel turns spent in this place as a percentage of non-inter-level travel turns spent in the entire game.
 C = Inter-level travel turns spent in this place as a percentage of turns spent in this place.
 D = Turns resting spent in this place as a percentage of non-inter-level travel turns spent in this place.
 E = Turns spent auto-exploring this place as a percentage of non-inter-level travel turns spent in this place.
 F = Non-inter-level travel turns spent in this place divided by the number of levels of this place that you've seen.
                   A       B       C       D       E      F
               +-------+-------+-------+-------+-------+----------------------
         Total | 100.0 | 100.0 |   0.0 |   0.0 |   0.0 | 139.0
       Dungeon | 100.0 | 100.0 |   0.0 |   0.0 |   0.0 | 139.0
               +-------+-------+-------+-------+-------+----------------------

Table legend:
 A = Kills in this place as a percentage of kills in entire the game.
 B = Kills by you in this place as a percentage of kills by you in the entire game.
 C = Kills by friends in this place as a percentage of kills by friends in the entire game.
 D = Other kills in this place as a percentage of other kills in the entire game.
 E = Experience gained in this place as a percentage of experience gained in the entire game.
 F = Experience gained in this place divided by the number of levels of this place that you have seen.
                   A       B       C       D       E      F
               +-------+-------+-------+-------+-------+----------------------
         Total | 100.0 | 100.0 |   N/A |   N/A | 100.0 |  35.5
       Dungeon | 100.0 | 100.0 |   N/A |   N/A | 100.0 |  35.5
               +-------+-------+-------+-------+-------+----------------------

Vault maps used:
D:1:      dpeg_arrival_rooms_c
D:2:      lemuel_crystal_altar, chequers_ecumenical_altar_island
